AoeStats
← _atheris_

Glade

510633459Analyzed
1v1 RM · 9h ago on Oct 1, 2026· 24m 21s· 2 players
Game mode
Random Map
Map size
Tiny (2 player)
Population
200
Speed
Normal
Resources
Standard
Victory
Conquest
Starting age
Dark Age
Ending age
Imperial Age
RankedLock teamsTeams togetherTeam positionsShared explorationLock speedFull tech treeHidden civsTurbo modeCheats
Victory
Defeat
🇨🇱 Magyars · Chile
937
+16
🇺🇸 Mongols · United States
946
-16
_atheris_
11:04 Feudal Age
13:05 Man-at-Arms
19:35 Fletching
23:04 Castle Age
22:55 Bloodlines
Gil-Galad
4:33 Loom
11:51 Feudal Age
12:32 Double-Bit Axe
13:56 Gold Mining
15:07 Wheelbarrow
18:04 Castle Age
17:34 Fletching
24:36 Husbandry
Connection lost

Rejoining the realm…

Still unreachable

The connection could not be restored.

Session expired

The server has moved on; the page needs a fresh start.